 Dungeon Crawl Stone Soup version 0.13.0-25-g43d4df3 (webtiles) character file.

223 MDvedh the Caller (level 4, -11/18 HPs)
             Began as a Felid Summoner on Oct 27, 2013.
             Killed by divine providence
             ... invoked by an orc priest
              (12 damage)
             ... on Level 4 of the Dungeon.
             The game lasted 00:11:58 (6924 turns).

MDvedh the Caller (Felid Summoner)                  Turns: 6924, Time: 00:11:59

HP -11/18        AC  2     Str  4      XL: 4   Next: 66%
MP   9/11        EV 20     Int 17      God:
Gold 109         SH  0     Dex 17      Spells:  3 memorised,  2 levels left
Lives: 0, deaths: 1

Res.Fire  : . . .   See Invis. : +     - Unarmed
Res.Cold  : . . .   Warding    : .   (armour unavailable)
Life Prot.: . . .   Conserve   : .   (shield unavailable)
Res.Poison: .       Res.Corr.  : .   (helmet unavailable)
Res.Elec. : .       Clarity    : .   (cloak unavailable)
Sust.Abil.: . .     Spirit.Shd : .   (gloves unavailable)
Res.Mut.  : .       Stasis     : .   (boots unavailable)
Res.Rott. : .       Flight     : .   (no amulet)
Saprovore : . . .                    (no ring)
                                     (no ring)

@: quick, slightly resistant to hostile enchantments, quite stealthy
A: paw claws, no armour, no advanced items, fangs 3, see invisible, carnivore 3,
speed 1, slow metabolism 1, AC +2
a: no special abilities


You were on level 4 of the Dungeon.
You were not hungry.

You visited 1 branch of the dungeon, and saw 4 of its levels.

You collected 149 gold pieces.
You spent 60 gold pieces at shops.

Inventory:

Scrolls
 a - a scroll of curse jewellery {unknown}
 c - 3 scrolls of teleportation {unknown}
 e - 3 scrolls of remove curse {unknown}
 f - 2 scrolls of fear {unknown}
 g - a scroll of amnesia {unknown}
 j - 2 scrolls of identify {unknown}
 k - a scroll of enchant armour {unknown}
 l - a scroll of enchant weapon I {unknown}
 n - a scroll of curse weapon {unknown}
 o - a scroll of enchant weapon II {unknown}
 p - a scroll of magic mapping {unknown}
Jewellery
 d - an uncursed ring of wizardry {unknown}
 i - an uncursed ring of ice {unknown}
Potions
 h - 3 potions of curing
 m - a potion of restore abilities
 q - a potion of magic {unknown}
Books
 b - a book of Callings

   Spells                             Type                      Level
   *Summon Small Mammal               Summoning                    1
   *Call Imp                          Summoning                    2
   *Call Canine Familiar              Summoning                    3
   Summon Scorpions                   Summoning/Poison             4
   Summon Ice Beast                   Ice/Summoning                4


   Skills:
 + Level 0.2 Fighting
 + Level 4.7 Dodging
 + Level 3.2 Stealth
 + Level 1.3 Unarmed Combat
 + Level 2.5 Spellcasting
 + Level 5.2 Summonings


You had 2 spell levels left.
You knew the following spells:

 Your Spells              Type           Power        Failure   Level  Hunger
a - Summon Small Mammal   Summ           ###.         2%          1    #......
b - Call Imp              Summ           ###.......   3%          2    ##.....
c - Call Canine Familiar  Summ           ###.......   10%         3    ###....


Dungeon Overview and Level Annotations

Branches:
Dungeon (4/27)
 Temple: D:4-7

Altars:
Xom
Yredelemnul

Shops:
D:4 **+}*

Annotations:
D:4 Sigmund


Innate Abilities, Weirdness & Mutations

You cannot wear armour.
You are incapable of any advanced item manipulation.
Your paws have sharp claws.
You have razor-sharp teeth.
You have supernaturally acute eyesight.
You are carnivorous and can eat meat at any time.
You cover ground quickly.
You are covered in fur (AC +1).
You have a slow metabolism.
You are partially covered in rugged brown scales (AC +1, +3% HP).


Message History

Ouch! That really hurt!
Your crimson imp closely misses the orc.
The orc barely misses your crimson imp. The orc misses your crimson imp.
There is an open door here.
Sigmund gestures at you while chanting. The puff of flame hits you!
One of your 4 scrolls labeled JIENUCLOOT catches fire!
* * * LOW HITPOINT WARNING * * *
Your crimson imp hits the orc.
The orc hits your crimson imp but does no damage.
The orc barely misses your crimson imp.
The orc wizard gestures wildly while chanting.
The orc wizard seems to speed up.
The orc closely misses your crimson imp.
Your crimson imp blinks!
The orc priest invokes the aid of Beogh against you.
Something smites you!
Ouch! That really hurt!
You die...

######## ........#
############ ........#
###..........# ....@o..#
#.'..........#
....>.o..###5#........>.
....oo.o.'.@.#..........
..<.o.o..#####..........
.....o..# #.........
........# #........
#####+### #######+


You could see Sigmund, an orc priest, an orc wizard, 6 orcs and a friendly
crimson imp.

Vanquished Creatures
  2 adders (D:2)
  4 giant geckos
  3 orcs
  A ball python (D:3)
  2 giant cockroaches
  4 hobgoblins
  3 jackals (D:2)
  3 quokkas
  8 bats
  A giant gecko skeleton (D:3)
  4 giant newts
  4 goblins
  7 kobolds
  6 rats
52 creatures vanquished.

Vanquished Creatures (collateral kills)
  The ghost of MDvedh the Cudgeler, an average OgNe (D:3)
  An iguana (D:3)
  An orc wizard (D:4)
  Terence (D:2)
  6 adders
  A worm (D:2)
  2 giant geckos (D:2)
  2 oozes
  3 orcs (D:4)
  4 giant cockroaches
  6 hobgoblins
  3 jackals (D:1)
  10 kobolds
  A ball python (D:4)
  3 bats (D:3)
  3 goblins
  2 rats
50 creatures vanquished.

Vanquished Creatures (others)
  4 crimson imps
  2 shadow imps
  3 white imps (D:4)
  A grey rat (D:1)
  2 quokkas (D:1)
  2 rats (D:1)
14 creatures vanquished.

Grand Total: 116 creatures vanquished

Notes
Turn   | Place    | Note
--------------------------------------------------------------
     0 | D:1      | MDvedh, the Felid Summoner, began the quest for the Orb.
     0 | D:1      | Reached XP level 1. HP: 7/7 MP: 4/4
   905 | D:1      | Reached XP level 2. HP: 11/11 MP: 5/5
   909 | D:1      | Learned a level 2 spell: Call Imp
  2366 | D:1      | Reached XP level 3. HP: 14/14 MP: 1/8
  2526 | D:2      | Noticed Terence
  2893 | D:2      | Killed Terence
  3691 | D:2      | Reached skill level 1 in Unarmed Combat
  3714 | D:2      | Found a basalt altar of Yredelemnul.
  3984 | D:2      | Reached XP level 4. HP: 18/18 MP: 10/10
  4337 | D:3      | Found a shimmering altar of Xom.
  4544 | D:3      | Found a shimmering altar of Xom.
  4641 | D:3      | Gained mutation: You are partially covered in rugged brown scales (AC +1, +3% HP). [potion of beneficial mutation]
  5087 | D:3      | Learned a level 3 spell: Call Canine Familiar
  5894 | D:4      | Reached XP level 5. HP: 21/21 MP: 6/12
  5992 | D:4      | Found Twai's General Store.
  6252 | D:4      | Noticed an ice beast
  6259 | D:4      | Reached skill level 5 in Summonings
  6482 | D:3      | Noticed MDvedh's ghost (average OgNe)
  6529 | D:3      | Killed MDvedh's ghost
  6830 | D:4      | Found Kauwug's Gadget Shop.
  6837 | D:4      | Found Twoutiuch's General Store.
  6855 | D:4      | Bought a potion of curing for 20 gold pieces
  6855 | D:4      | Bought a potion of curing for 20 gold pieces
  6855 | D:4      | Bought a potion of curing for 20 gold pieces
  6858 | D:4      | Found Piesitz's Book Boutique.
  6858 | D:4      | Found Rubroaw's General Store.
  6899 | D:4      | Slain by a gnoll
  6900 | D:4      | Reached XP level 4. HP: 0/18 MP: 9/11
  6917 | D:4      | Noticed Sigmund
  6924 | D:4      | Killed from afar by an orc priest

Action                   |  1- 3 |  4- 6 || total
-------------------------+-------+-------++-------
Melee: Unarmed           |   142 |   162 ||   304
 Cast: Summon Small Mamm |    20 |       ||    20
       Call Imp          |    31 |    55 ||    86
  Use: Potion            |       |     3 ||     3
 Stab: Sleeping          |     7 |     3 ||    10
       Distracted        |     1 |       ||     1
